 Dungeon Crawl Stone Soup version 0.20.1-1-g8b1a95d (webtiles) character file.

5603 Jannitor the Fighter (level 10, -11/68 HPs)
             Began as a Gargoyle Chaos Knight on Sept 9, 2017.
             Mangled by a two-headed ogre
             ... wielding a +0 giant spiked club
              (20 damage)
             ... on level 8 of the Dungeon.
             The game lasted 00:23:42 (8893 turns).

Jannitor the Fighter (Gargoyle Chaos Knight)        Turns: 8893, Time: 00:23:42

Health: -11/68     AC: 22    Str: 18 (20) XL:     10   Next: 73%
Magic:  10/10      EV:  8    Int:  9 (10) God:    Xom [*.....]
Gold:   281        SH:  0    Dex:  7      Spells: 9/9 levels left

rFire    + . .     SeeInvis +   z - +0 morningstar (protect)
rCold    + + .     Gourm    .   (no shield)
rNeg     + + .     Faith    .   d - +0 chain mail
rPois    ∞         Spirit   .   I - +0 helmet
rElec    +         Reflect  .   u - scarf {rC+ rF+}
rCorr    .         Harm     .   r - +0 pair of gloves
MR       +++..     Clarity  +   j - +0 pair of boots
Stlth    ..........             w - amulet of the Four Winds {rN+ MR+++ Clar}
Regen    0.3/turn               f - ring of flight
MPRegen  0.2/turn               A - ring "Etiedis" {rC+ SInv}

@: slowed, very slow
A: berserk 1, clumsy 1, deterioration 1, dopey 1, negative energy resistance 1,
screaming 1, electricity resistance, wild magic 1, unbreathing, petrification
resistance, rot immunity, AC +7
a: Renounce Religion, Evoke Flight


You were on level 8 of the Dungeon.
You worshipped Xom.
You were a special plaything of Xom.
You were hungry.

You visited 2 branches of the dungeon, and saw 10 of its levels.
You also visited: Sewer and Ossuary.

You collected 281 gold pieces.

Inventory:

Hand Weapons
 a - a +1 mace of chaos
 p - a +1 mace of crushing
 z - a +0 morningstar of protection (weapon)
Armour
 b - a +2 leather armour
 d - a +0 chain mail (worn)
 i - a +0 hat
 j - a +0 pair of boots (worn)
 k - the +4 robe of Feasting {Int+2, unknown}
   (You found it on level 8 of the Dungeon)

   It affects your intelligence (+2).
 r - a +0 pair of gloves (worn)
 u - a scarf of resistance (worn)
 I - a +0 helmet (worn)
Jewellery
 f - a ring of flight (left hand)
 n - an uncursed ring of protection from cold {unknown}
 w - the amulet of the Four Winds (around neck) {rN+ MR+++ Clar}
   (You found it on level 4 of the Dungeon)

   [amulet of nothing]

   It protects you from negative energy.
   It affects your resistance to hostile enchantments.
   It protects you against confusion.
 A - the ring "Etiedis" (right hand) {rC+ SInv}
   (You found it on level 6 of the Dungeon)

   [ring of see invisible]

   It protects you from cold.
   It lets you see invisible.
Wands
 o - a wand of iceblast (11/15)
 v - a wand of flame (18/48)
 C - a wand of digging (11/24)
 F - a wand of flame (29/48)
 G - a wand of iceblast (3/15)
Scrolls
 m - 5 scrolls of teleportation
 t - 3 scrolls of recharging
 y - 4 scrolls of remove curse
 D - a scroll of enchant weapon
 J - 3 scrolls of identify
Potions
 c - 4 potions of lignification
 e - 3 potions of might
 g - a potion of heal wounds
 l - 2 potions of flight
 x - 3 potions of curing
 B - a potion of brilliance
Books
 H - a book of Conjurations

   Spells                             Type                      Level
   a - Magic Dart                     Conjuration                  1
   b - Searing Ray                    Conjuration                  2
   c - Dazzling Spray                 Conjuration/Hexes            3
   d - Fulminant Prism                Conjuration/Hexes            4
   e - Force Lance                    Conjuration/Translocation    4
   f - Iskenderun's Mystic Blast      Conjuration                  4
Comestibles
 h - 5 royal jellies
 q - 12 fruits
 s - 2 meat rations
 E - 2 bread rations


   Skills:
 + Level 10.3 Fighting
 * Level 10.0 Maces & Flails
 + Level 9.7 Armour
 - Level 0.7 Dodging


You had 9 spell levels left.
You didn't know any spells.

Dungeon Overview and Level Annotations

Branches:
Dungeon (9/15)             Temple (1/1) D:6
   Lair: D:8-11         Orc: D:9-12

Altars:
Ashenzari
Cheibriados
Dithmenos
Elyvilon
Fedhas
Gozag
Hepliaklqana
Kikubaaqudgha
Makhleb
Nemelex Xobeh
Okawaru
Qazlal
Ru
Sif Muna
Trog
Uskayaw
Xom
Yredelemnul
Zin
The Shining One

Annotations:
D:6 2 transporters


Innate Abilities, Weirdness & Mutations

You are resistant to torment.
Your stone body is resilient. (AC +7)
You are immune to poison.
You resist negative energy. (rN+)
You are resistant to electric shocks. (rElec)
You can survive without breathing.
You are immune to petrification.
You are immune to rotting.
You tend to lose your temper in combat.
You are clumsy. (Dex -2)
Your body sometimes deteriorates upon taking damage.
You are dopey. (Int -2)
You occasionally shout uncontrollably at your foes.
Your spells are a little harder to cast, but a little more powerful.


Message History

Your body deteriorates!
You feel weakened.
You barely miss the two-headed ogre.
The two-headed ogre is moderately wounded.
You puncture the two-headed ogre!
Your weapon exudes an aura of protection.
The two-headed ogre is heavily wounded.
Xom's power touches on you for a moment.
You feel yourself slow down.
You feel horribly lethargic.
The two-headed ogre hits you but does no damage.
The two-headed ogre hits you with a giant club!
The two-headed ogre barely misses you.
The two-headed ogre hits you with a giant club.
The two-headed ogre hits you with a giant spiked club!!
* * * LOW HITPOINT WARNING * * *
The two-headed ogre closely misses you.
The two-headed ogre hits you with a giant spiked club.
* * * LOW HITPOINT WARNING * * *
The two-headed ogre hits you with a giant club!!
You die...
Xom roars with laughter!

.........#.#..# .....
####
.........#...#...#......
.........##.######......
#
........................
#
......#....#.###.##....
# ...........#.# #.# . #
.............###.#####.#
#######
................O......#
.......
.....##...##.###@#####.#
.#####
........................
##.. #
........<.#.........####
#.#..#
.............####...#
#..#.# .....##..#...#
...# #.....
.............# .###
.####.#
.............####.#
.......
#.#.......(........
##.#..#
............###.########
#. ##.#


You could see a two-headed ogre.

Vanquished Creatures
  2 two-headed ogres (D:8)
  The ghost of letownia the Martial Artist, a novice OpTm of Gozag (D:8)
  Sigmund (D:4)
  A spriggan (Sewer)
  Eustachio (D:4)
  An ice beast (D:7)
  An orc warrior (D:8)
  A black bear (D:6)
  An eye of draining (D:7)
  3 phantoms
  4 ogres
  2 centaurs
  Blork the orc (D:4)
  6 bullfrogs
  12 killer bees
  4 centaur zombies
  A quasit (D:7)
  2 bullfrog zombies (D:7)
  3 human zombies (Ossuary)
  A jelly (D:6)
  3 orc priests
  A bullfrog skeleton (D:5)
  2 iguanas
  4 orc wizards
  Jessica (D:2)
  6 worker ants
  A killer bee zombie (D:8)
  A big kobold zombie (Ossuary)
  A hound zombie (D:5)
  2 mummies (Ossuary)
  3 gnolls
  10 adders
  2 adder zombies
  2 adder skeletons
  A worm (D:5)
  3 dart slugs
  7 leopard geckos
  28 orcs
  7 giant cockroaches
  3 goblins
  5 hobgoblins
  12 jackals
  7 quokkas
  3 ball pythons
  3 bats
  3 frilled lizards
  2 goblin zombies (Ossuary)
  5 hobgoblin zombies (Ossuary)
  2 jackal skeletons
  12 kobolds
  13 kobold zombies (Ossuary)
  3 leopard gecko skeletons
  8 orc zombies (Ossuary)
  9 rats
  A rat zombie (Ossuary)
225 creatures vanquished.

Vanquished Creatures (collateral kills)
  A bullfrog (D:7)
  A scorpion (D:7)
  A howler monkey (D:7)
  A crimson imp (D:7)
  A hound (D:7)
  A jelly (D:7)
  A worker ant (D:7)
  A quokka (D:7)
8 creatures vanquished.

Vanquished Creatures (others)
  The ghost of Dai1001 the Ducker, a weakling DsGl of Qazlal (D:4)
1 creature vanquished.

Grand Total: 234 creatures vanquished

Notes
Turn   | Place    | Note
-------+----------+-------------------------------------------
     0 | D:1      | Jannitor the Gargoyle Chaos Knight began the quest for the Orb.
     0 | D:1      | Reached XP level 1. HP: 14/14 MP: 1/1
   300 | D:1      | Reached XP level 2. HP: 19/19 MP: 2/2
   636 | D:2      | Noticed a hand axe
   637 | D:2      | Found a hide-covered altar of Uskayaw.
   638 | D:2      | Noticed a hand axe
   648 | D:2      | Reached XP level 3. HP: 19/24 MP: 3/3
   716 | D:2      | XOM: cloud trail
   994 | D:2      | Found a hazy altar of Hepliaklqana.
  1016 | D:2      | Noticed Jessica
  1030 | D:2      | Killed Jessica
  1030 | D:2      | Reached XP level 4. HP: 29/29 MP: 4/4
  1038 | D:2      | Found a shadowy altar of Dithmenos.
  1171 | D:2      | XOM: god gift: scroll labeled WUJOED KIEFEL {god gift}
  1284 | D:2      | XOM: harmless Summ miscast
  2055 | D:3      | XOM: divination: detect creatures
  2059 | D:3      | Found an iron altar of Okawaru.
  2061 | D:3      | Found a burning altar of Makhleb.
  2066 | D:3      | Found a deep blue altar of Sif Muna.
  2067 | D:3      | Found a shimmering altar of Xom.
  2068 | D:3      | Found a blossoming altar of Fedhas.
  2437 | D:4      | XOM: potion effect (brilliance)
  2443 | D:4      | Reached XP level 5. HP: 34/34 MP: 5/5
  2461 | D:4      | Found a glowing drain.
  2491 | Sewer    | XOM: noise
  2491 | Sewer    | Entered a sewer
  2545 | Sewer    | Noticed a big kobold
  2555 | Sewer    | XOM: silly message
  2558 | Sewer    | Noticed a golden eye
  2558 | Sewer    | a big kobold changed into a golden eye
  2558 | Sewer    | XOM: silly message
  2561 | Sewer    | XOM: divination: detect creatures
  2565 | Sewer    | XOM: silly message
  2568 | Sewer    | XOM: divination: detect creatures
  2570 | Sewer    | XOM: divination: magic mapping
  2588 | Sewer    | XOM: noise
  2598 | Sewer    | XOM: mild Conj miscast
  2634 | Sewer    | XOM: mild Summ miscast
  2687 | Sewer    | XOM: 3-stop teleportation journey
  2734 | Sewer    | Found a white marble altar of Elyvilon.
  2773 | Sewer    | Noticed a spriggan
  2773 | Sewer    | a golden eye changed into a spriggan
  2773 | Sewer    | XOM: polymorph golden eye -> spriggan
  2781 | Sewer    | XOM: cast spell 'Summon Small Mammal'
  2790 | Sewer    | XOM: summons 2 hostile demons
  2792 | Sewer    | XOM: confuse monster(s)
  2795 | Sewer    | Killed a spriggan
  2795 | Sewer    | Reached skill level 5 in Fighting
  2795 | Sewer    | Reached XP level 6. HP: 40/40 MP: 6/6
  2921 | D:4      | Noticed Sigmund
  2936 | D:4      | Found a sand-covered staircase.
  2941 | Ossuary  | Entered an ossuary
  3128 | Ossuary  | XOM: scenery: create altars
  3148 | Ossuary  | Reached skill level 5 in Maces & Flails
  3148 | Ossuary  | Reached XP level 7. HP: 29/44 MP: 7/7
  3301 | Ossuary  | XOM: harmless Erth miscast
  3359 | Ossuary  | XOM: mild Conj miscast
  3369 | Ossuary  | Reached skill level 5 in Armour
  3475 | D:4      | Killed Sigmund
  3491 | D:4      | XOM: cloud trail
  3732 | D:4      | Reached XP level 8. HP: 38/52 MP: 8/8
  3987 | D:4      | Noticed Blork the orc
  3988 | D:4      | XOM: harmless Pois miscast
  4001 | D:4      | Killed Blork the orc
  4017 | D:4      | Noticed Dai1001's ghost (weakling DsGl)
  4053 | D:4      | Banished Dai1001's ghost
  4164 | D:4      | Noticed Eustachio
  4202 | D:4      | XOM: blink monster(s)
  4215 | D:4      | Killed Eustachio
  4481 | D:5      | Entered Level 5 of the Dungeon
  4812 | D:5      | XOM: blink monster(s)
  4813 | D:5      | XOM: divination: magic mapping
  4974 | D:4      | XOM: god gift: 11 gold pieces
  5128 | D:5      | Found a sparkling altar of Nemelex Xobeh.
  5189 | D:5      | XOM: god gift: scroll of teleportation
  5274 | D:5      | XOM: divination: magic mapping
  5311 | D:5      | XOM: confuse monster(s)
  5348 | D:5      | XOM: cast spell 'Summon Butterflies'
  5353 | D:5      | XOM: mild Necr miscast
  5359 | D:4      | XOM: harmless Erth miscast
  5364 | D:4      | XOM: harmless Hex miscast
  5603 | D:5      | XOM: potion effect (agility)
  5683 | D:5      | Reached XP level 9. HP: 50/59 MP: 9/9
  5696 | D:5      | XOM: cloud trail
  5732 | D:5      | XOM: mild Tmut miscast
  5832 | D:5      | Found a bloodstained altar of Trog.
  5970 | D:6      | Found a white marble altar of Elyvilon.
  6219 | D:6      | XOM: summons 4 hostile demons
  6303 | D:6      | Found a transporter.
  6324 | D:6      | Found a transporter.
  6358 | D:6      | XOM: give mutations
  6358 | D:6      | Gained mutation: You tend to lose your temper in combat. [Xom's mischief]
  6358 | D:6      | Gained mutation: Your body sometimes deteriorates upon taking damage. [Xom's mischief]
  6358 | D:6      | Gained mutation: You occasionally shout uncontrollably at your foes. [Xom's mischief]
  6358 | D:6      | Gained mutation: You are agile. (Dex +2) [Xom's mischief]
  6397 | D:6      | Found a staircase to the Ecumenical Temple.
  6417 | D:6      | XOM: mild Air miscast
  6437 | D:6      | XOM: give mutation
  6437 | D:6      | Lost mutation: You are agile. (Dex +2) [Xom's mischief]
  6467 | D:6      | XOM: scenery: 2 doors open
  6559 | D:6      | XOM: give mutations
  6559 | D:6      | Gained mutation: You are dopey. (Int -2) [Xom's mischief]
  6559 | D:6      | Lost mutation: Your body sometimes deteriorates upon taking damage. [Xom's mischief]
  6559 | D:6      | Gained mutation: You are frail. (-10% HP) [Xom's mischief]
  6618 | D:6      | Got a scintillating lapis lazuli ring
  6716 | D:6      | XOM: give mutations
  6716 | D:6      | Gained mutation: You are agile. (Dex +2) [Xom's mischief]
  6716 | D:6      | Gained mutation: Your spells are a little harder to cast, but a little more powerful. [Xom's mischief]
  6717 | D:6      | Identified the ring "Etiedis" {rC+ SInv} (You found it on level 6 of the Dungeon)
  6735 | Temple   | Entered the Ecumenical Temple
  6811 | Temple   | XOM: medium Necr miscast
  7353 | D:7      | XOM: cleaving
  7354 | D:7      | XOM: cleaving
  7500 | D:7      | XOM: god gift: wand of flame (?/48) {god gift}
  7825 | D:8      | XOM: potion effect (haste)
  7917 | D:8      | Reached XP level 10. HP: 58/59 MP: 10/10
  7945 | D:8      | Noticed a two-headed ogre
  7945 | D:8      | Noticed a shining eye
  7945 | D:8      | a two-headed ogre changed into a shining eye
  7945 | D:8      | XOM: polymorph two-headed ogre -> shining eye
  8003 | D:8      | Noticed letownia's ghost (novice OpTm)
  8004 | D:8      | XOM: cast spell 'Cause Fear'
  8193 | D:8      | XOM: god gift: hat {god gift}
  8194 | D:8      | Killed letownia's ghost
  8262 | D:8      | XOM: give mutations
  8262 | D:8      | Gained mutation: Your body sometimes deteriorates upon taking damage. [Xom's mischief]
  8262 | D:8      | Lost mutation: You are agile. (Dex +2) [Xom's mischief]
  8262 | D:8      | Lost mutation: You are frail. (-10% HP) [Xom's mischief]
  8262 | D:8      | Gained mutation: You are clumsy. (Dex -2) [Xom's mischief]
  8283 | D:8      | Noticed a two-headed ogre
  8288 | D:8      | XOM: cast spell 'Summon Small Mammal'
  8292 | D:8      | XOM: butterfly on damage
  8306 | D:8      | Killed a two-headed ogre
  8306 | D:8      | Reached skill level 10 in Fighting
  8411 | D:8      | XOM: scenery: create altars
  8444 | D:8      | XOM: mild Hex miscast
  8492 | D:8      | Got a colourful robe
  8549 | D:8      | Noticed a two-headed ogre
  8551 | D:8      | XOM: potion effect (heal wounds)
  8559 | D:8      | Killed a two-headed ogre
  8613 | D:9      | Noticed a two-headed ogre
  8651 | D:8      | Reached skill level 10 in Maces & Flails
  8876 | D:8      | Noticed a two-headed ogre
  8887 | D:8      | XOM: mild Necr miscast
  8893 | D:8      | Mangled by a two-headed ogre

Skill      XL: |  1  2  3  4  5  6  7  8  9 10 |
---------------+-------------------------------+-----
Fighting       | 4 5 6 7 9 10 | 10.3
Armour         | 3 4 5 7 8 9 |  9.7
Maces & Flails | 4 5 6 7 8 10 | 10.0
Dodging        | |  0.7

Action                   |  1- 3 |  4- 6 |  7- 9 | 10-12 || total
-------------------------+-------+-------+-------+-------++-------
Melee: Mace              |    63 |   242 |   598 |       ||   903
       Morningstar       |       |       |       |   155 ||   155
Evoke: Wand              |       |       |    10 |     6 ||    16
  Use: Scroll            |     3 |     6 |     1 |     5 ||    15
       Potion            |       |    11 |     3 |     2 ||    16
 Stab: Confused          |       |     1 |     2 |       ||     3
       Paralysed         |       |     1 |     8 |       ||     9
       Petrified         |       |       |    13 |       ||    13
       Petrifying        |       |       |     1 |       ||     1
  Eat: Chunk             |       |     5 |     7 |     4 ||    16
       Bread ration      |       |     1 |     1 |       ||     2
       Royal jelly       |       |       |     1 |       ||     1
Armor: Leather armour    |    29 |    21 |       |       ||    50
       Chain mail        |       |   221 |   422 |   167 ||   810
       Skin              |       |    35 |       |       ||    35
Dodge: Dodged            |    34 |   155 |   250 |   101 ||   540
